 Dungeon Crawl Stone Soup version 0.24.0-37-gcf1ca852f1 (webtiles) character file.

Game seed: 18309166359756297558, levelgen mode: deterministic

27 Peloso the Covered (level 2, 0/27 HPs)
             Began as a Minotaur Fighter on Nov 22, 2019.
             Succumbed to an adder's poison
             ... on level 1 of the Dungeon.
             The game lasted 00:01:50 (585 turns).

Peloso the Covered (Minotaur Fighter)                Turns: 585, Time: 00:01:51

Health: 0/27       AC:  8    Str: 20    XL:     2   Next: 93%
Magic:  1/1        EV:  7    Int: 10    God:
Gold:   56         SH:  9    Dex:  9    Spells: 1/1 levels left

rFire    . . .     SeeInvis .   a - +0 long sword
rCold    . . .     Gourm    .   c - +0 shield
rNeg     . . .     Faith    .   b - +0 scale mail
rPois    .         Spirit   .   (helmet restricted)
rElec    .         Reflect  .   (no cloak)
rCorr    .         Harm     .   h - +0 pair of gloves
MR       .....                  (no boots)
Stlth    ..........             g - amulet of magic regeneration
HPRegen  0.09/turn              (no ring)
MPRegen  0.32/turn              (no ring)

@: brilliant, lethally poisoned (0 -> -3)
A: retaliatory headbutt, horns 2
a: no special abilities


You were on level 1 of the Dungeon.
You were not hungry.

You visited 1 branch of the dungeon, and saw 2 of its levels.

You collected 56 gold pieces.

Inventory:

Hand Weapons
 a - a +0 long sword (weapon)
Armour
 b - a +0 scale mail (worn)
 c - a +0 shield (worn)
 h - a +0 pair of gloves (worn)
Jewellery
 g - an amulet of magic regeneration (around neck)
 j - an uncursed ring of protection from cold {unknown}
Potions
 d - a potion of might
 e - a potion of brilliance
 i - a potion of mutation
Comestibles
 f - a ration


   Skills:
 + Level 3.8 Fighting
 + Level 3.0 Long Blades
 + Level 4.1 Armour
 + Level 0.2 Dodging
 + Level 4.0 Shields


You had one spell level left.
You didn't know any spells.
Your spell library was empty.

Dungeon Overview and Level Annotations

Branches:
Dungeon (2/15)

Altars:


Innate Abilities, Weirdness & Mutations

You reflexively headbutt those who attack you in melee.
You have a pair of horns on your head.


Message History

You feel sick. The quokka bites you.
* * * LOW HITPOINT WARNING * * *
You barely miss the quokka. You headbutt the quokka.
You kill the quokka!
* * * LOW HITPOINT WARNING * * *
You feel sick.
You closely miss the kobold. The kobold hits you with a +0 whip.
* * * LOW HITPOINT WARNING * * *
The kobold barely misses you.
Your shield prevents you from hitting the kobold.
* * * LOW HITPOINT WARNING * * *
You feel sick. The kobold hits you but does no damage.
You hit the kobold but do no damage. You block the kobold's attack.
Unknown command.
Okay, then.
You closely miss the kobold. The kobold hits you but does no damage.
The kobold closely misses you.
You riposte.
You closely miss the kobold. You slash the kobold!
You kill the kobold!
You die...

#.###...####.##†# #.#.#
#.# ##.## #.##.# #.#.#
#.# #†# #.##.# #.#.# #.#
#.# #(##.# #.#.# #.####.#
#.##.#####.#.# #.##...#
#.##.......... #.##.###
#.########.#.#
#.##.#######.# #.>...#
#....>.)@....############
####.#######......##≈##≈#
#.# #.######≈P≈≈P≈ #.#
#.# ###≈P8PP8P #.#### #.#
#.##≈P..P.
#....####.###.....<...
##.###(##......##≈♣..P.
#.## ##.#.###..#≈♣8♣P8P
#.# #........##≈♣≈≈P≈


There were no monsters in sight!

Vanquished Creatures
  A dart slug (D:1)
  A bat (D:1)
  2 giant cockroaches (D:1)
  A hobgoblin (D:1)
  5 jackals (D:1)
  5 kobolds (D:1)
  A quokka (D:1)
  2 frilled lizards (D:1)
  5 rats
23 creatures vanquished.

Vanquished Creatures (others)
  4 toadstools (D:1)
4 creatures vanquished.

Grand Total: 27 creatures vanquished

Notes
Turn   | Place    | Note
-------+----------+-------------------------------------------
     0 | D:1      | Peloso the Minotaur Fighter began the quest for the Orb.
     0 | D:1      | Reached XP level 1. HP: 19/19 MP: 0/0
   191 | D:1      | Reached XP level 2. HP: 27/27 MP: 1/1
   582 | D:1      | HP: 1/27 [poisoned by an adder]
   585 | D:1      | Succumbed to an adder's poison

Levels and vault maps discovered:
D:1:      ldierk_walled_garden_2, layout_loops_ring
D:2:      layout_rooms, first_ration, chequers_serial_rivers_micro_a,
          minmay_between

Skill      XL: |  1  2 |
---------------+-------+-----
Shields        | 4 |  4.0
Armour         | 4 |  4.1
Long Blades    | 3 |  3.0
Fighting       | |  3.8
Dodging        | |  0.2

Action                   || total
-------------------------++-------
Melee: Long sword        ||    60
       Headbutt          ||    10
  Use: Scroll            ||     2
       Potion            ||     2
Armor: Scale mail        ||    26
Dodge: Dodged            ||    22
Block: Shield            ||    33
       Rpst.: Long sword ||     7
